 Dungeon Crawl Stone Soup version 0.21-a0-634-gaf8bc5d (webtiles) character file.

254 VirginKiller the Ducker (level 5, -2/39 HPs)
             Began as a Demigod Transmuter on Dec 29, 2017.
             Slain by Grinder (4 damage)
             ... on level 3 of the Dungeon.
             The game lasted 00:17:18 (2319 turns).

VirginKiller the Ducker (Demigod Transmuter)        Turns: 2319, Time: 00:17:20

Health: -2/39      AC:  2    Str: 13    XL:     5   Next: 59%
Magic:  0/10       EV: 23    Int: 17    God:
Gold:   137        SH:  0    Dex: 23    Spells: 1/7 levels left

rFire    . . .     SeeInvis .     - Unarmed
rCold    . . .     Gourm    .   (shield currently unavailable)
rNeg     . . .     Faith    .   (armour currently unavailable)
rPois    x         Spirit   +   (helmet currently unavailable)
rElec    .         Reflect  .   (cloak currently unavailable)
rCorr    .         Harm     .   (gloves currently unavailable)
MR       .....                  (boots currently unavailable)
Stlth    ++........             l - amulet of guardian spirit
HPRegen  0.13/turn              (no ring)
MPRegen  0.12/turn              (no ring)

@: spider-form (expiring)
A: tiny, high mp 1
a: End Transformation


You were on level 3 of the Dungeon.
You were not hungry.
You were a venomous arachnid creature.
You visited 1 branch of the dungeon, and saw 4 of its levels.

You collected 137 gold pieces.

Inventory:

Missiles
 a - 38 arrows
 j - 2 tomahawks (quivered)
 n - 9 poisoned needles
Armour
 b - a +0 robe (melded)
 m - a +2 helmet (melded)
Jewellery
 l - an amulet of guardian spirit (around neck)
Scrolls
 e - a scroll of enchant weapon {unknown}
 g - a scroll of immolation {unknown}
 h - 5 scrolls of teleportation
 i - 3 scrolls of remove curse
 k - a scroll of fear
Books
 c - a book of Changes

   Spells                             Type                      Level
   a - Beastly Appendage              Transmutation                1
   b - Sticks to Snakes               Transmutation                2
   c - Spider Form                    Transmutation/Poison         3
   d - Ice Form                       Ice/Transmutation            4
   e - Blade Hands                    Transmutation                5
Comestibles
 d - 7 rations
 f - a chunk of flesh


   Skills:
 - Level 0.8 Fighting
 * Level 3.9 Dodging
 - Level 2.6 Unarmed Combat
 - Level 1.7 Spellcasting
 - Level 3.7 Transmutations
 - Level 2.0 Poison Magic


You had one spell level left.
You knew the following spells:

 Your Spells              Type           Power        Failure   Level  Hunger
a - Beastly Appendage     Tmut           ##....       13%         1    #......
b - Spider Form           Tmut/Pois      ##........   38%         3    ###....
c - Sticks to Snakes      Tmut           ##......     17%         2    ###....


Dungeon Overview and Level Annotations

Branches:
Dungeon (4/15)             Temple (0/1) D:4

Annotations:
D:3 Grinder; wazuzu's ghost, weakling HaFi


Innate Abilities, Weirdness & Mutations

You have an increased reservoir of magic. (+10% MP)


Message History

You closely miss Ijyb.
Ijyb zaps a wand.
The bolt of acid hits you!
You are splashed with acid!
The acid burns!
* * * LOW HITPOINT WARNING * * *
It is a wand of acid (9).
You hit Ijyb but do no damage.
Ijyb is poisoned.
Ijyb misses you.
A kobold comes into view.
The kobold shouts!
You bite Ijyb!
Ijyb is moderately wounded.
Ijyb closely misses you.
You hit Ijyb.
Ijyb looks as sick as possible!
Ijyb is severely wounded.
Grinder blinks!
Ijyb hits you but does no damage.
You hit Ijyb but do no damage.
Ijyb looks as sick as possible!
Ijyb is almost dead.
You kill Ijyb!
Grinder hits you!
* * * LOW HITPOINT WARNING * * *
You writhe in agony.
You die...

#.....#... #...
#.###.#.## #.. #.#
#.#.# #K.
#.#.#.#.## #..
#.#.......
.####++# #.#
#.########
.......# #ยง#
#......... #....#
#)# #.#####.##
#...>###########s#
#.#...#.#
###.............5#
#.###.#.##
################
#.....#...
#######.## ...
#.#. #.# #.#. #.#
#.#. #.#####.##
#.........


You could see Grinder and a kobold.

Vanquished Creatures
  A hound (D:4)
  A bullfrog skeleton (D:4)
  An iguana (D:4)
  Ijyb (D:3)
  Terence (D:2)
  3 gnolls (D:2)
  3 adders
  2 oozes
  2 worms
  A dart slug (D:1)
  3 leopard geckos
  3 orcs (D:4)
  2 giant cockroaches (D:4)
  2 goblins
  3 hobgoblins
  2 jackals (D:3)
  A quokka (D:2)
  6 bats
  6 kobolds
  4 rats
48 creatures vanquished.

Notes
Turn   | Place    | Note
-------+----------+-------------------------------------------
     0 | D:1      | VirginKiller the Demigod Transmuter began the quest for the Orb.
     0 | D:1      | Reached XP level 1. HP: 15/15 MP: 5/5
   200 | D:1      | Reached XP level 2. HP: 5/22 MP: 7/7
   670 | D:2      | Noticed Terence
   683 | D:2      | Killed Terence
   683 | D:2      | Reached XP level 3. HP: 22/27 MP: 6/8
   688 | D:2      | Learned a level 3 spell: Spider Form
   899 | D:2      | Reached skill level 1 in Poison Magic
   908 | D:2      | Reached XP level 4. HP: 31/34 MP: 6/9
   919 | D:2      | Found an ancient bone altar of Kikubaaqudgha.
  1044 | D:2      | Found a hazy altar of Hepliaklqana.
  1266 | D:3      | Noticed wazuzu's ghost (weakling HaFi)
  1276 | D:3      | Learned a level 2 spell: Sticks to Snakes
  1983 | D:4      | Reached XP level 5. HP: 25/39 MP: 1/10
  2201 | D:4      | Found a white marble altar of Elyvilon.
  2269 | D:4      | Found a staircase to the Ecumenical Temple.
  2307 | D:3      | Noticed Ijyb
  2307 | D:3      | Noticed Grinder
  2319 | D:3      | Killed Ijyb
  2319 | D:3      | Slain by Grinder

Vault maps used:
D:1:      tarquinn_simple_flora_water_a
D:2:      lemuel_doored_altar, kiku_gazebo_pond_becter, uniq_terence
D:3:      mumra_celtic_spiral_tile, first_ration, kennysheep_generic_room_5,
          uniq_ijyb, uniq_grinder
D:4:      lemuel_round_altar, minmay_temple_entry_glassed_door

Skill      XL: |  1  2  3  4 |
---------------+-------------+-----
Transmutations | 2 3 |  3.7
Poison Magic   | 1 2 |  2.0
Dodging        | 3 |  3.9
Fighting       | |  0.8
Unarmed Combat | |  2.6
Spellcasting   | |  1.7

Action                   |  1- 3 |  4- 6 || total
-------------------------+-------+-------++-------
Melee: Unarmed           |    68 |    88 ||   156
       Kick              |    14 |     8 ||    22
       Punch             |     1 |     1 ||     2
 Cast: Beastly Appendage |    15 |     4 ||    19
       Spider Form       |     3 |    14 ||    17
       Sticks to Snakes  |       |     2 ||     2
  Use: Potion            |     2 |     2 ||     4
       Scroll            |       |     4 ||     4
 Stab: Sleeping          |     2 |     1 ||     3
  Eat: Ration            |     1 |       ||     1
       Chunk             |       |     4 ||     4
Armor: Robe              |    14 |     3 ||    17
       Skin              |     1 |     1 ||     2
Dodge: Dodged            |    38 |    73 ||   111

Table legend:
 A = Spawn XP
 B = Non-spawn XP
 C = Spawn XP percentage of total XP
 D = Spawn monster count
 E = Non-spawn monster count
 F = Spawn count percentage of total count
 G = Total turns spent on level
                    A         B        C        D         E        F      G
               +---------+---------+-------+---------+---------+-------+---------
         Total |       0 |     364 |   0.0 |       0 |      48 |   0.0 |  2319
               +---------+---------+-------+---------+---------+-------+---------
           D:1 |       0 |      23 |   0.0 |       0 |      11 |   0.0 |   403
           D:2 |       0 |     119 |   0.0 |       0 |      15 |   0.0 |   695
           D:3 |       0 |      69 |   0.0 |       0 |      12 |   0.0 |   875
           D:4 |       0 |     153 |   0.0 |       0 |      10 |   0.0 |   346
               +---------+---------+-------+---------+---------+-------+---------
